SNL (28 & UNDER)
WEST VIRGINIA POWER @ GAINESVILLE GUIDOS
09/21/2025
 
TOP OF THE 1ST
West Virginia Power batting - Pitching for Gainesville Guidos : RHP Ronald Adams
Pitching: RHP Ronald Adams
Batting: LHB Júlio Martínez 0-0: Ball
1-0: SINGLE (Line Drive, 89S)
Batting: LHB Héctor Cruz 0-0: Ball
1-0: Called Strike
1-1: Swinging Strike
1-2: Foul Ball, location: 2F
1-2: SINGLE (Groundball, 4MD) (infield hit)
Júlio Martínez to second
Batting: RHB Ben Dougherty 0-0: Foul Ball, location: 2F
0-1: Called Strike
0-2: Strikes out swinging
Batting: RHB Dave McGrath 0-0: Called Strike
Júlio Martínez is caught stealing 3rd base
Héctor Cruz to second
0-1: Ground out 3-5 (Groundball, 3S)
Top of the 1st over - 0 run(s), 2 hit(s), 0 error(s), 1 left on base; West Virginia 0 - Gainesville 0
BOTTOM OF THE 1ST
Gainesville Guidos batting - Pitching for West Virginia Power : RHP Xavier Castañera
Pitching: RHP Xavier Castañera
Batting: RHB Kyle O'Day 0-0: Ball
1-0: Called Strike
1-1: Ball
2-1: Swinging Strike
2-2: Ball
3-2: Base on Balls
Batting: LHB Mark Owens 0-0: Ball
1-0: Called Strike
1-1: Grounds into double play, 5-4-3 (Groundball, 5)
Batting: LHB Ed Murray 0-0: Fly out, F9 (Flyball, 9M)
Bottom of the 1st over - 0 run(s), 0 hit(s), 0 error(s), 0 left on base; West Virginia 0 - Gainesville 0
TOP OF THE 2ND
West Virginia Power batting - Pitching for Gainesville Guidos : RHP Ronald Adams
Batting: RHB Gonzalo Gil 0-0: Called Strike
0-1: Called Strike
0-2: Ball
1-2: SINGLE (Groundball, 13) (infield hit)
Batting: RHB Jesse McKnight 0-0: Ball
1-0: Ball
2-0: Swinging Strike
2-1: Foul Ball, location: 2F
2-2: Fly out, F6 (Line Drive, 6)
Batting: RHB Tony Parker 0-0: Called Strike
0-1: Called Strike
0-2: Foul Ball, location: 2F
0-2: 2-RUN HOME RUN (Flyball, 7LD), Distance : 333 ft
Batting: LHB Héctor Soto 0-0: Called Strike
0-1: Ball
1-1: Foul Ball, location: 2F
1-2: Strikes out swinging
Batting: RHB Mike Ingram 0-0: Fly out, F3 (Popup, 3F)
Top of the 2nd over - 2 run(s), 2 hit(s), 0 error(s), 0 left on base; West Virginia 2 - Gainesville 0
BOTTOM OF THE 2ND
Gainesville Guidos batting - Pitching for West Virginia Power : RHP Xavier Castañera
Batting: LHB António Cedeño 0-0: Swinging Strike
0-1: Ball
1-1: Swinging Strike
1-2: Strikes out looking
Batting: RHB Ben Morton 0-0: Called Strike
0-1: Ground out 5-3 (Groundball, 56S)
Batting: LHB Eddy Jefferson 0-0: Foul Ball, location: 2F
0-1: Called Strike
0-2: Ball
1-2: Foul Ball, location: 2F
1-2: Strikes out swinging
Bottom of the 2nd over - 0 run(s), 0 hit(s), 0 error(s), 0 left on base; West Virginia 2 - Gainesville 0
TOP OF THE 3RD
West Virginia Power batting - Pitching for Gainesville Guidos : RHP Ronald Adams
Batting: LHB Júlio Martínez 0-0: Ball
1-0: Ball
2-0: Ball
3-0: Called Strike
3-1: SINGLE (Groundball, 6D)
Batting: LHB Héctor Cruz 0-0: Ball
1-0: Called Strike
1-1: Ball
2-1: Foul Ball, location: 2F
2-2: Foul Ball, location: 2F
Balk!
Júlio Martínez to second
2-2: Strikes out swinging
Batting: RHB Ben Dougherty 0-0: Swinging Strike
0-1: Swinging Strike
0-2: Ball
1-2: Strikes out swinging
Batting: RHB Dave McGrath 0-0: Ball
1-0: Ball
2-0: Swinging Strike
2-1: Swinging Strike
2-2: Ball
3-2: Foul Ball, location: 2F
3-2: Foul Ball, location: 2F
3-2: Foul Ball, location: 2F
3-2: Foul Ball, location: 2F
3-2: Strikes out swinging
Top of the 3rd over - 0 run(s), 1 hit(s), 0 error(s), 1 left on base; West Virginia 2 - Gainesville 0
BOTTOM OF THE 3RD
Gainesville Guidos batting - Pitching for West Virginia Power : RHP Xavier Castañera
Batting: RHB José Ortega 0-0: Ball
1-0: Ground out 6-3 (Groundball, 6)
Batting: RHB Iván Moreno 0-0: Fly out, F4 (Popup, 4S)
Batting: RHB Dave Hall 0-0: Swinging Strike
0-1: Called Strike
0-2: Ball
1-2: Foul Ball, location: 2F
1-2: Strikes out swinging
Bottom of the 3rd over - 0 run(s), 0 hit(s), 0 error(s), 0 left on base; West Virginia 2 - Gainesville 0
TOP OF THE 4TH
West Virginia Power batting - Pitching for Gainesville Guidos : RHP Ronald Adams
Batting: RHB Gonzalo Gil 0-0: Swinging Strike
0-1: Swinging Strike
0-2: Ball
1-2: Fly out, F7 (Line Drive, 7D)
Batting: RHB Jesse McKnight 0-0: Called Strike
0-1: Ball
1-1: Ball
2-1: Ball
3-1: Swinging Strike
3-2: Strikes out swinging
Batting: RHB Tony Parker 0-0: Called Strike
0-1: Foul Ball, location: 2F
0-2: Ball
1-2: Strikes out swinging
Top of the 4th over - 0 run(s), 0 hit(s), 0 error(s), 0 left on base; West Virginia 2 - Gainesville 0
BOTTOM OF THE 4TH
Gainesville Guidos batting - Pitching for West Virginia Power : RHP Xavier Castañera
Batting: RHB Kyle O'Day 0-0: Ball
1-0: Ball
2-0: Called Strike
2-1: Foul Ball, location: 2F
2-2: Strikes out swinging
Batting: LHB Mark Owens 0-0: Called Strike
0-1: Ball
1-1: Fly out, F6 (Popup, 6D)
Batting: LHB Ed Murray 0-0: Ball
1-0: Ball
2-0: Called Strike
2-1: Foul Ball, location: 2F
2-2: Strikes out swinging
Bottom of the 4th over - 0 run(s), 0 hit(s), 0 error(s), 0 left on base; West Virginia 2 - Gainesville 0
TOP OF THE 5TH
West Virginia Power batting - Pitching for Gainesville Guidos : RHP Ronald Adams
Batting: LHB Héctor Soto 0-0: Ball
1-0: Swinging Strike
1-1: Swinging Strike
1-2: Strikes out swinging
Batting: RHB Mike Ingram 0-0: Called Strike
0-1: Foul Ball, location: 2F
0-2: Strikes out swinging
Batting: LHB Júlio Martínez 0-0: Ground out 4-3 (Groundball, 4)
Top of the 5th over - 0 run(s), 0 hit(s), 0 error(s), 0 left on base; West Virginia 2 - Gainesville 0
BOTTOM OF THE 5TH
Gainesville Guidos batting - Pitching for West Virginia Power : RHP Xavier Castañera
Batting: LHB António Cedeño 0-0: Ball
1-0: Called Strike
1-1: Fly out, F4 (Line Drive, 4)
Batting: RHB Ben Morton 0-0: Called Strike
0-1: Swinging Strike
0-2: Ground out 6-3 (Groundball, 6)
Batting: LHB Eddy Jefferson 0-0: Swinging Strike
0-1: Foul Ball, location: 2F
0-2: Ball
1-2: Strikes out looking
Bottom of the 5th over - 0 run(s), 0 hit(s), 0 error(s), 0 left on base; West Virginia 2 - Gainesville 0
TOP OF THE 6TH
West Virginia Power batting - Pitching for Gainesville Guidos : RHP Ronald Adams
Batting: LHB Héctor Cruz 0-0: SINGLE (Flyball, 7LS)
Batting: RHB Ben Dougherty 0-0: Called Strike
0-1: Ball
1-1: Foul Ball, location: 2F
1-2: Ball
2-2: Ball
3-2: Foul Ball, location: 2F
3-2: Grounds into double play, 4-6-3 (Groundball, 4)
Batting: RHB Dave McGrath 0-0: Called Strike
0-1: Called Strike
0-2: Ball
1-2: Ground out 4-3 (Groundball, 4)
Top of the 6th over - 0 run(s), 1 hit(s), 0 error(s), 0 left on base; West Virginia 2 - Gainesville 0
BOTTOM OF THE 6TH
Gainesville Guidos batting - Pitching for West Virginia Power : RHP Xavier Castañera
Batting: RHB José Ortega 0-0: Called Strike
0-1: Called Strike
0-2: Foul Ball, location: 2F
0-2: Ball
1-2: Ball
2-2: Ground out 5-3 (Groundball, 5)
Batting: RHB Iván Moreno 0-0: Called Strike
0-1: Swinging Strike
0-2: Foul Ball, location: 2F
0-2: Ball
1-2: Strikes out swinging
Batting: RHB Dave Hall 0-0: Foul Ball, location: 2F
0-1: Reached on error, E4 (Groundball, 34)
Batting: RHB Kyle O'Day 0-0: Ground out 1-3 (Groundball, 23)
Bottom of the 6th over - 0 run(s), 0 hit(s), 1 error(s), 1 left on base; West Virginia 2 - Gainesville 0
TOP OF THE 7TH
West Virginia Power batting - Pitching for Gainesville Guidos : RHP Ronald Adams
Pitching: RHP Marlon Ryan
Batting: RHB Gonzalo Gil 0-0: Called Strike
0-1: Ball
1-1: Hit by Pitch
Batting: RHB Jesse McKnight 0-0: Bunt missed!
0-1: Sac Bunt - play at first, batter OUT! 5-4
Gonzalo Gil to second
Batting: RHB Tony Parker 0-0: Called Strike
0-1: Foul Ball, location: 2F
0-2: Ball
1-2: Strikes out looking
Batting: LHB Héctor Soto 0-0: Swinging Strike
0-1: Ball
1-1: Ball
2-1: Ball
3-1: Called Strike
3-2: Foul Ball, location: 2F
3-2: SINGLE (Groundball, 15) (infield hit)
Gonzalo Gil to third
Pinch Hitting: RHB Will Lott 0-0: Ball
1-0: Ball
2-0: Swinging Strike
2-1: Swinging Strike
2-2: Strikes out looking
Top of the 7th over - 0 run(s), 1 hit(s), 0 error(s), 2 left on base; West Virginia 2 - Gainesville 0
BOTTOM OF THE 7TH
Gainesville Guidos batting - Pitching for West Virginia Power : RHP Xavier Castañera
Now in CF: Aaron Murray
Batting: LHB Mark Owens 0-0: Called Strike
0-1: Ball
1-1: Foul Ball, location: 2F
1-2: Foul Ball, location: 2F
1-2: Ball
2-2: Ball
3-2: Base on Balls
Batting: LHB Ed Murray 0-0: Ball
1-0: Ball
2-0: Ball
3-0: Called Strike
3-1: Base on Balls
Mark Owens to second
Batting: LHB António Cedeño 0-0: Ball
1-0: Foul Ball, location: 2F
1-1: Swinging Strike
1-2: Strikes out swinging
Pinch Runner at 2nd Mark McDonald:
Batting: RHB Ben Morton 0-0: Foul Ball, location: 2F
0-1: Foul Ball, location: 2F
0-2: Strikes out swinging
Batting: LHB Eddy Jefferson 0-0: SINGLE (Groundball, 3D)
Mark McDonald to third
Ed Murray to second
Runner from 3rd tries for Home, SAFE, no throw or cutoff
Batting: RHB José Ortega 0-0: Foul Ball, location: 2F
0-1: Called Strike
0-2: Ball
1-2: Ball
2-2: Foul Ball, location: 2F
2-2: Foul Ball, location: 2F
2-2: SINGLE (Flyball, 8RS)
Ed Murray to third
Eddy Jefferson to second
Runner from 3rd tries for Home, SAFE, no throw or cutoff
Pitching: LHP Edmond Summers
Pinch Hitting: RHB Kurt Walter 0-0: Ball
1-0: Swinging Strike
1-1: Swinging Strike
1-2: Strikes out swinging
Bottom of the 7th over - 2 run(s), 2 hit(s), 0 error(s), 2 left on base; West Virginia 2 - Gainesville 2
TOP OF THE 8TH
West Virginia Power batting - Pitching for Gainesville Guidos : RHP Marlon Ryan
Now at 2B: Tetsunori Ito
Now in CF: Mark McDonald
Pinch Hitting: SHB Waylon Adams 0-0: Ball
1-0: Foul Ball, location: 2F
1-1: Foul Ball, location: 2F
1-2: Strikes out swinging, 2-3 out at first.
Batting: LHB Héctor Cruz 0-0: Called Strike
0-1: Swinging Strike
0-2: Strikes out swinging
Batting: RHB Ben Dougherty 0-0: Fly out, F9 (Popup, 4D)
Top of the 8th over - 0 run(s), 0 hit(s), 0 error(s), 0 left on base; West Virginia 2 - Gainesville 2
BOTTOM OF THE 8TH
Gainesville Guidos batting - Pitching for West Virginia Power : LHP Edmond Summers
Now in RF: Lúcio Anaya
Batting: RHB Dave Hall 0-0: Ball
1-0: Ball
2-0: Swinging Strike
2-1: Ball
3-1: Base on Balls
Batting: RHB Kyle O'Day 0-0: Bunted foul
0-1: Bunt missed!
0-2: Foul Ball, location: 2F
0-2: Fielders Choice at 2nd, 2-6 (Groundball, 2L)
Pinch Hitting: RHB John Little 0-0: Called Strike
0-1: Ball
1-1: Foul Ball, location: 2F
1-2: Strikes out swinging
Batting: LHB Ed Murray 0-0: Ball
1-0: Fly out, F7 (Flyball, 7M)
Bottom of the 8th over - 0 run(s), 0 hit(s), 0 error(s), 1 left on base; West Virginia 2 - Gainesville 2
TOP OF THE 9TH
West Virginia Power batting - Pitching for Gainesville Guidos : RHP Marlon Ryan
Pitching: RHP Juan Mora
Now in CF: Lynn Ford
Batting: RHB Dave McGrath 0-0: Ball
1-0: Ball
2-0: Ball
3-0: Called Strike
3-1: DOUBLE (Flyball, 9D)
Batting: RHB Gonzalo Gil 0-0: Swinging Strike
0-1: Hit by Pitch
Batting: RHB Jesse McKnight 0-0: Foul Ball, location: 2F
0-1: Ball
1-1: Sac Bunt - play at third, runner OUT! 1-6
Gonzalo Gil to second
Batting: RHB Tony Parker 0-0: Called Strike
0-1: Ball
1-1: Ball
2-1: Foul Ball, location: 2F
2-2: Strikes out swinging
Batting: LHB Héctor Soto 0-0: Called Strike
0-1: Ball
1-1: Ball
2-1: Called Strike
2-2: Foul Ball, location: 2F
2-2: Strikes out swinging
Top of the 9th over - 0 run(s), 1 hit(s), 0 error(s), 2 left on base; West Virginia 2 - Gainesville 2
BOTTOM OF THE 9TH
Gainesville Guidos batting - Pitching for West Virginia Power : LHP Edmond Summers
Pitching: RHP Brad Flores
Batting: LHB António Cedeño 0-0: Ball
1-0: Foul Ball, location: 2F
1-1: Foul Ball, location: 2F
1-2: Ball
2-2: Strikes out looking
Batting: RHB Ben Morton 0-0: Called Strike
0-1: Called Strike
0-2: Foul Ball, location: 2F
0-2: Ball
1-2: Fly out, F9 (Popup, 34D)
Batting: LHB Eddy Jefferson 0-0: Ball
1-0: Called Strike
1-1: Ball
2-1: TRIPLE (Groundball, 3D)
Batting: RHB José Ortega 0-0: Ball
1-0: Fly out, F8 (Flyball, 8LD)
Bottom of the 9th over - 0 run(s), 1 hit(s), 0 error(s), 1 left on base; West Virginia 2 - Gainesville 2
TOP OF THE 10TH
West Virginia Power batting - Pitching for Gainesville Guidos : RHP Juan Mora
Batting: RHB Aaron Murray 0-0: Ball
1-0: Foul Ball, location: 2F
1-1: Called Strike
1-2: Ball
2-2: Foul Ball, location: 2F
2-2: Ball
3-2: Base on Balls
Batting: LHB Lúcio Anaya 0-0: Ball
1-0: Sac Bunt - play at first, batter OUT! 1-4
Aaron Murray to second
Batting: LHB Héctor Cruz 0-0: Ball
1-0: Ball
2-0: Called Strike
2-1: Ground out 1-3 (Groundball, 13)
Aaron Murray to third
Batting: RHB Ben Dougherty 0-0: Ball
1-0: Ball
2-0: Swinging Strike
2-1: Fly out, F8 (Flyball, 8LS)
Top of the 10th over - 0 run(s), 0 hit(s), 0 error(s), 1 left on base; West Virginia 2 - Gainesville 2
BOTTOM OF THE 10TH
Gainesville Guidos batting - Pitching for West Virginia Power : RHP Brad Flores
Batting: RHB Tetsunori Ito 0-0: Ball
1-0: Foul Ball, location: 2F
1-1: SINGLE (Popup, 89S)
Pinch Runner at 1st Will Evans:
Batting: RHB Dave Hall 0-0: Called Strike
0-1: Foul Ball, location: 2F
0-2: Foul Ball, location: 2F
0-2: Foul Ball, location: 2F
0-2: Foul Ball, location: 2F
0-2: Ball
1-2: Strikes out swinging
Batting: RHB Kyle O'Day 0-0: Ball
1-0: Called Strike
1-1: Ball
2-1: Swinging Strike
2-2: Foul Ball, location: 2F
2-2: Strikes out swinging
Will Evans steals 2nd base
Batter strikes out.
Batting: RHB Lynn Ford 0-0: Called Strike
0-1: Foul Ball, location: 2F
0-2: Foul Ball, location: 2F
0-2: Ball
1-2: SINGLE (Line Drive, 89S)
Will Evans to third
Runner from 3rd tries for Home, SAFE, no throw or cutoff
This league is powered by Out of the Park Baseball, the baseball management simulation game for PC, Mac and Linux
Tuesday, August 2nd, 2016 - OOTP Baseball 16.8 Build 38